 Dungeon Crawl Stone Soup version 0.24.0-37-gcf1ca852f1 (webtiles) character file.

Game seed: 4124065479395953940, levelgen mode: deterministic

63 Iamsoldier the Charmwright (level 4, -8/38 HPs)
             Began as a Gnoll Skald on Nov 27, 2019.
             Mangled by an ogre
             ... wielding a +0 giant club
              (28 damage)
             ... on level 2 of the Dungeon.
             The game lasted 00:02:40 (1228 turns).

Iamsoldier the Charmwright (Gnoll Skald)            Turns: 1228, Time: 00:02:40

Health: -8/38      AC:  4    Str: 13    XL:     4   Next: 9%
Magic:  2/11       EV: 15    Int: 16    God:
Gold:   34         SH:  0    Dex: 15    Spells: 4/13 levels left

rFire    . . .     SeeInvis .   a - +0 spear
rCold    . . .     Gourm    .   (no shield)
rNeg     . . .     Faith    .   j - +1 robe {MR+}
rPois    .         Spirit   .   (no helmet)
rElec    .         Reflect  .   (no cloak)
rCorr    .         Harm     .   k - +0 pair of gloves
MR       +....                  (no boots)
Stlth    ++........             (no amulet)
HPRegen  0.12/turn              (no ring)
MPRegen  0.12/turn              (no ring)

@: no status effects
A: distributed training, fangs 1, strong nose
a: no special abilities


You were on level 2 of the Dungeon.
You were not hungry.

You visited 1 branch of the dungeon, and saw 2 of its levels.

You collected 34 gold pieces.

Inventory:

Hand Weapons
 a - a +0 spear (weapon)
Armour
 j - a +1 robe of magic resistance (worn)
 k - a +0 pair of gloves (worn)
Scrolls
 e - a scroll of fear {unknown}
 f - a scroll of immolation {unknown}
 g - a scroll of enchant armour {unknown}
 l - a scroll of enchant weapon {unknown}
Potions
 b - a potion of might
 h - a potion of lignification {unknown}
 i - a potion of brilliance {unknown}
Comestibles
 c - 2 chunks of flesh
 d - 2 rations


   Skills:
 + Level 4.6 Fighting
 + Level 1.0 Short Blades
 + Level 1.0 Long Blades
 + Level 1.0 Axes
 + Level 1.0 Maces & Flails
 + Level 4.6 Polearms
 + Level 1.0 Staves
 + Level 1.0 Slings
 + Level 1.0 Bows
 + Level 1.0 Crossbows
 + Level 1.0 Throwing
 + Level 2.7 Armour
 + Level 4.6 Dodging
 + Level 1.0 Stealth
 + Level 1.0 Shields
 + Level 1.0 Unarmed Combat
 + Level 5.0 Spellcasting
 + Level 0.7 Conjurations
 + Level 0.7 Hexes
 + Level 5.4 Charms
 + Level 0.7 Summonings
 + Level 0.7 Necromancy
 + Level 0.7 Translocations
 + Level 0.7 Transmutations
 + Level 0.7 Fire Magic
 + Level 0.7 Ice Magic
 + Level 0.7 Air Magic
 + Level 0.7 Earth Magic
 + Level 0.7 Poison Magic
 + Level 1.1 Invocations
 + Level 1.0 Evocations


You had 4 spell levels left.
You knew the following spells:

 Your Spells              Type           Power        Failure   Level  Hunger
a - Infusion              Chrm           ###.         1%          1    None
b - Shroud of Golubria    Chrm/Tloc      ##....       6%          2    #......
c - Spectral Weapon       Hex/Chrm       ##......     13%         3    ###....
d - Regeneration          Chrm/Necr      ##........   13%         3    ###....

Your spell library contained the following spells:

 Spells                   Type           Power        Failure   Level  Hunger
 Song of Slaying          Chrm           ###.....     2%          2    #......


Dungeon Overview and Level Annotations

Branches:
Dungeon (2/15)

Altars:


Innate Abilities, Weirdness & Mutations

Your experience applies equally to all skills.
You have very sharp teeth.
Your uncanny sense of smell can sniff out nearby items.


Message History

You draw out your weapon's spirit!
The ogre hits your spectral weapon with a +0 giant club!!
Your spectral weapon shares its damage with you!
Your spectral weapon fades away.
Casting: Spectral Weapon (safe; 13% risk of failure)
Confirm with . or Enter, or press ? or * to list all spells.
You don't have enough magic to cast that spell.
Attack whom?
Press: ? - help, Dir - move target cursor, f/p - ogre
Aim: an ogre, wielding a +0 giant club (heavily wounded)
You reach to attack!
You hit the ogre.
The ogre is heavily wounded.
Attack whom?
Press: ? - help, Dir - move target cursor, f/p - ogre
Aim: an ogre, wielding a +0 giant club (heavily wounded)
You hit the ogre.
The ogre is severely wounded.
The ogre hits you with a +0 giant club!!
Ouch! That really hurt!
You die...

#.#.####......#.....######.
#.###.#.#.....#.....#.......###.
..#............#####...###..###
###......#....#### #.(......(..
......##.#...## #...#(.##..#
.##...##.#..## #...##.(# ..
....#.#....[################(# #.
#...#......###..........####÷###.
..........####.O@.......#...(....
..#....÷.....#.†##..##'##.......#
.###.##......#'######..##.......#
.# #.##)####.#...#∆ #..8######..#
.# #.##......#...#∆ ##.......'...
.#.........####..# ∆ #......)#..#
.#.####.##.## #..+ ∆#..8######..#
.# #......##...# #..## ..... ..
#.....<.#...# ##+# ###...


You could see an ogre.

Vanquished Creatures
  2 adders (D:2)
  An ooze (D:1)
  A dart slug (D:1)
  A leopard gecko (D:1)
  A ball python (D:1)
  2 giant cockroaches
  4 goblins
  4 hobgoblins (D:1)
  4 jackals (D:2)
  2 kobolds
  3 bats
  7 frilled lizards
  4 rats
36 creatures vanquished.

Vanquished Creatures (others)
  2 spectral weapons (D:2)
2 creatures vanquished.

Grand Total: 38 creatures vanquished

Notes
Turn   | Place    | Note
-------+----------+-------------------------------------------
     0 | D:1      | Iamsoldier the Gnoll Skald began the quest for the Orb.
     0 | D:1      | Reached XP level 1. HP: 20/20 MP: 6/6
   107 | D:1      | Reached XP level 2. HP: 22/26 MP: 7/7
   111 | D:1      | Learned a level 2 spell: Shroud of Golubria
   592 | D:1      | Reached XP level 3. HP: 31/31 MP: 6/9
   596 | D:1      | Reached skill level 5 in Spellcasting
   603 | D:1      | Learned a level 3 spell: Spectral Weapon
   607 | D:1      | Learned a level 3 spell: Regeneration
   972 | D:2      | Reached skill level 1 in Invocations
  1203 | D:2      | Reached skill level 1 in Short Blades
  1203 | D:2      | Reached skill level 1 in Long Blades
  1203 | D:2      | Reached skill level 1 in Axes
  1203 | D:2      | Reached skill level 1 in Maces & Flails
  1203 | D:2      | Reached skill level 1 in Staves
  1203 | D:2      | Reached skill level 1 in Slings
  1203 | D:2      | Reached skill level 1 in Bows
  1203 | D:2      | Reached skill level 1 in Crossbows
  1203 | D:2      | Reached skill level 1 in Throwing
  1203 | D:2      | Reached skill level 1 in Stealth
  1203 | D:2      | Reached skill level 1 in Shields
  1203 | D:2      | Reached skill level 1 in Unarmed Combat
  1203 | D:2      | Reached skill level 1 in Evocations
  1211 | D:2      | Noticed an ogre
  1222 | D:2      | Reached XP level 4. HP: 33/38 MP: 4/11
  1228 | D:2      | Mangled by an ogre

Levels and vault maps discovered:
D:1:      scummos_arrival_hexagon, layout_rooms, minmay_pentomino_q2
D:2:      minmay_chambers_of_twos, layout_rooms

Skill      XL: |  1  2  3 |
---------------+----------+-----
Spellcasting   | 5 |  5.0
Invocations    | 1 |  1.1
Short Blades   | 1 |  1.0
Long Blades    | 1 |  1.0
Axes           | 1 |  1.0
Maces & Flails | 1 |  1.0
Staves         | 1 |  1.0
Slings         | 1 |  1.0
Bows           | 1 |  1.0
Crossbows      | 1 |  1.0
Throwing       | 1 |  1.0
Stealth        | 1 |  1.0
Shields        | 1 |  1.0
Unarmed Combat | 1 |  1.0
Evocations     | 1 |  1.0
Fighting       | |  4.6
Polearms       | |  4.6
Armour         | |  2.7
Dodging        | |  4.6
Conjurations   | |  0.7
Hexes          | |  0.7
Charms         | |  5.4
Summonings     | |  0.7
Necromancy     | |  0.7
Translocations | |  0.7
Transmutations | |  0.7
Fire Magic     | |  0.7
Ice Magic      | |  0.7
Air Magic      | |  0.7
Earth Magic    | |  0.7
Poison Magic   | |  0.7

Action                   |  1- 3 |  4- 6 || total
-------------------------+-------+-------++-------
Melee: Spear             |   104 |     5 ||   109
       Bite              |     9 |       ||     9
 Cast: Infusion          |     7 |       ||     7
       Shroud of Golubri |     3 |       ||     3
       Spectral Weapon   |     1 |     1 ||     2
 Stab: Sleeping          |     3 |       ||     3
       Distracted        |     1 |       ||     1
  Eat: Chunk             |     1 |       ||     1
Armor: Leather armour    |     8 |       ||     8
       Robe              |     7 |       ||     7
Dodge: Dodged            |    57 |       ||    57
